Map: Dreamcatcher LE

Players

soul - Winner!

  • Race: Terran Terran
  • Spawn Location: 5:00

LiquidTLO (TLO)

  • Race: Zerg Zerg
  • Spawn Location: 11:00

Event: WCS Montreal 2018

VOD

Have the link to the VOD?

Description

Time

  • Played on: Sept. 7, 2018, 1:32 p.m.
  • Length: 12:27

All games in this series

Show
View Real Time Build Order
Export as new Build Order

soul Terran - Winner!

Build Orders: Reaper Expand, MMM Bio 

Get SALT Encoding   

  12  0:00  SCV  
  13  0:12  SCV  
  14  0:17  Supply Depot  
  14  0:24  SCV  
  15  0:38  SCV  
  15  0:40  Barracks  
  16  0:44  Refinery  
  16  0:50  SCV  
  17  1:02  SCV  
  18  1:15  SCV  
  19  1:28  Reaper, Orbital Command  
  20  1:40  Command Center  
  20  1:48  Supply Depot  
  20  1:54  SCV  
  21  1:59  Marine  
  22  2:05  Factory  
  22  2:09  SCV  
  22  2:13  Refinery  
  23  2:17  Marine  
  23  2:21  SCV  
  24  2:44  Barracks Reactor  
  24  2:46  SCV  
  24  2:51  Hellion  
  26  2:57  Starport  
  26  2:58  SCV  
  27  3:10  SCV  
  28  3:14  Bunker, Factory Tech Lab  
  28  3:17  Orbital Command  
  28  3:18  Bunker  
  27  3:20  Marine x2  
  27  3:23  SCV  
  30  3:35  SCV  
  30  3:38  Marine x2  
  33  3:43  Banshee  
  33  3:56  SCV, Marine x2  
  33  4:00  Factory Tech Lab  
  37  4:10  SCV x2  
  37  4:16  Supply Depot  
  36  4:31  Barracks Reactor  
  33  4:38  SCV x2  
  36  4:42  Barracks Reactor  
  36  4:44  Command Center  
  32  4:47  Supply Depot  
  32  4:48  Banshee, Cloaking Field  
  32  4:50  SCV x2  
  32  4:51  Factory Tech Lab  
  32  4:52  Supply Depot  
  37  4:56  Supply Depot  
  37  5:02  SCV  
  38  5:09  SCV, Siege Tank  
  38  5:10  Supply Depot  
  42  5:14  Liberator, SCV  
  42  5:20  Engineering Bay  
  42  5:21  SCV, Marine  
  45  5:22  Engineering Bay  
  45  5:23  Marine  
  45  5:26  SCV  
  47  5:33  SCV  
  51  5:38  SCV  
  52  5:45  SCV  
  52  5:49  Barracks x2  
  53  5:50  Factory Reactor  
  53  5:51  SCV  
  53  5:54  Refinery  
  53  5:56  Refinery  
  54  5:57  Orbital Command  
  54  6:02  SCV, Stimpack  
  55  6:06  SCV, Marine  
  57  6:14  SCV  
  58  6:18  SCV  
  58  6:23  Starport Reactor  
  58  6:24  Terran Infantry Weapons Level 1, Marine  
  58  6:25  Supply Depot  
  60  6:27  SCV  
  60  6:30  SCV  
  60  6:31  SCV  
  60  6:34  Terran Infantry Armor Level 1  
  60  6:39  SCV, Marine x2  
  63  6:42  Marine  
  63  6:44  Barracks, Marine  
  63  6:46  Bunker, Marine, Orbital Command  
  66  6:55  SCV, Barracks  
  66  6:57  SCV, Marine x2  
  66  7:00  Medivac x2, Marine  
  75  7:04  Supply Depot  
  75  7:06  Marine  
  75  7:07  SCV  
  77  7:09  Marine  
  77  7:12  SCV  
  77  7:13  SCV  
  77  7:15  Marine x2  
  82  7:18  Marine  
  82  7:20  SCV  
  87  7:22  Siege Tank  
  87  7:24  SCV, Marine  
  87  7:26  SCV  
  87  7:27  Marine  
  91  7:32  SCV  
  91  7:33  Marine x2  
  91  7:35  Marine  
  91  7:36  SCV  
  96  7:38  SCV  
  96  7:44  SCV, Barracks Reactor  
  95  7:45  Medivac x2  
  95  7:48  SCV, Marine  
  95  7:50  Barracks Reactor  
  97  7:51  Marine  
  97  7:52  Supply Depot  
  97  7:53  Supply Depot  
  97  7:55  SCV, Armory  
  99  8:02  Combat Shields  
  99  8:04  Marine  
  99  8:05  Missile Turret, Supply Depot  
  100  8:07  SCV  
  101  8:13  Marine  
  101  8:14  SCV, Siege Tank, Marine, Supply Depot  
  101  8:15  Marine x2  
  104  8:20  Marine  
  104  8:22  Marine  
  104  8:23  Medivac  
  104  8:24  Marine  
  104  8:26  Marine  
  110  8:31  Marine x2  
  110  8:32  Marine  
  113  8:34  Marine x2  
  113  8:38  Marine  
  113  8:40  Medivac  
  117  8:45  Marine  
  117  8:48  Missile Turret  
  121  8:50  Factory, Refinery  
  121  8:51  Refinery, Supply Depot x2  
  121  8:53  Supply Depot  
  121  8:54  Terran Infantry Weapons Level 2  
  121  8:55  Marine x6  
  120  8:56  SCV  
  120  8:57  Marine  
  120  9:01  Medivac  
  120  9:02  Marine  
  129  9:14  Marine x3  
  129  9:16  Marine  
  140  9:19  Missile Turret  
  140  9:21  SCV  
  140  9:24  Medivac, Marine  
  136  9:25  Marine  
  136  9:27  Marine  
  136  9:28  Terran Infantry Armor Level 2  
  136  9:29  Marine  
  140  9:31  Medivac, Marine  
  140  9:33  Marine  
  140  9:36  Widow Mine x2  
  140  9:37  Factory Tech Lab  
  142  9:38  Marine  
  142  9:40  Marine  
  142  9:42  SCV, Marine  
  142  9:43  SCV  
  142  9:45  Command Center  
  142  9:46  Marine  
  142  9:51  Marine  
  144  9:56  Terran Vehicle And Ship Armor Level 1  
  144  10:01  Marine  
  144  10:02  Marine  
  144  10:05  Widow Mine  
  148  10:08  Marine  
  148  10:13  Marine  
  144  10:14  Medivac x2, Marine  
  144  10:15  Marine x3  
  144  10:17  Widow Mine  
  144  10:19  Marine  
  154  10:22  Marine  
  154  10:25  Marine  
  156  10:31  Marine  
  156  10:33  Marauder, Marine  
  156  10:34  Marauder  
  157  10:44  Marine  
  157  10:52  Supply Depot x2  
  157  10:56  Thor, Marine x7  
  157  10:57  Widow Mine  
  172  11:02  Marine  
  172  11:03  Medivac  
  171  11:05  Widow Mine  
  142  11:14  Marine x7  
  142  11:17  SCV  
  142  11:18  SCV, Widow Mine  
  149  11:20  Marine  
  148  11:26  Missile Turret, Widow Mine  
  148  11:29  SCV  
  148  11:32  Marine x7  
  156  11:36  Planetary Fortress  
  156  11:38  SCV, Marine  
  156  11:39  Missile Turret, Widow Mine x2  
  161  11:47  Widow Mine  
  161  11:49  Marine x6  
  161  11:50  SCV x3  
  172  12:06  SCV x3, Marine x2  
  172  12:07  Marine  
  180  12:08  Supply Depot  
  180  12:09  Supply Depot x2  
Show
View Real Time Build Order
Export as new Build Order

LiquidTLO Zerg 

Build Orders: Pool First, Muta Ling Bane 

Get SALT Encoding   

  12  0:00  Drone  
  13  0:08  Drone  
  14  0:17  Overlord  
  14  0:35  Drone x2  
  16  0:40  Spawning Pool  
  15  0:43  Drone  
  15  0:47  Drone  
  17  0:57  Drone  
  18  1:12  Hatchery  
  18  1:15  Extractor  
  16  1:27  Zergling x4  
  16  1:29  Zergling x2  
  19  1:33  Queen  
  22  1:40  Drone  
  22  1:49  Roach Warren  
  22  1:53  Drone  
  22  1:55  Extractor  
  21  2:02  Drone  
  22  2:12  Overlord  
  22  2:29  Roach x2  
  26  2:34  Roach  
  26  2:36  Roach  
  27  2:46  Roach  
  27  2:50  Ravager  
  30  2:52  Ravager  
  30  2:55  Drone  
  32  3:01  Drone  
  32  3:02  Drone  
  34  3:14  Drone  
  34  3:19  Overlord  
  35  3:26  Ravager  
  36  3:31  Overlord  
  36  3:38  Drone  
  36  3:39  Drone  
  36  3:40  Drone  
  39  3:43  Drone x2  
  39  3:47  Drone x2  
  43  3:50  Drone  
  43  3:54  Drone  
  45  4:00  Metabolic Boost  
  45  4:11  Overlord  
  45  4:23  Drone  
  43  4:27  Drone  
  43  4:29  Drone  
  43  4:31  Drone x2  
  47  4:33  Drone x2  
  47  4:34  Queen  
  47  4:35  Queen  
  45  4:38  Drone  
  44  4:50  Spore Crawler  
  44  4:51  Hatchery  
  42  4:54  Spore Crawler, Drone  
  42  4:56  Drone  
  42  4:58  Drone  
  44  5:00  Drone  
  44  5:02  Drone  
  46  5:10  Queen  
  48  5:16  Zergling x4  
  48  5:17  Evolution Chamber, Zergling x2  
  48  5:20  Evolution Chamber  
  49  5:22  Drone x2  
  49  5:23  Drone  
  49  5:27  Overlord  
  52  5:31  Pneumatized Carapace  
  52  5:35  Overlord  
  52  5:36  Spore Crawler  
  52  5:41  Overlord  
  51  5:43  Zerg Ground Armor Level 1  
  51  5:45  Drone  
  51  5:47  Drone  
  53  5:51  Zerg Melee Weapons Level 1  
  53  5:52  Drone  
  53  5:54  Drone  
  55  6:01  Spore Crawler, Lair  
  55  6:03  Drone  
  55  6:05  Drone  
  55  6:07  Drone x2  
  55  6:09  Drone  
  59  6:12  Drone  
  59  6:16  Evolution Chamber  
  59  6:17  Drone  
  61  6:18  Drone  
  61  6:19  Drone  
  61  6:20  Drone  
  61  6:21  Drone  
  61  6:25  Drone  
  66  6:26  Drone x2  
  66  6:29  Zergling x2  
  67  6:33  Extractor  
  67  6:34  Extractor  
  67  6:36  Baneling Nest  
  67  6:37  Drone  
  67  6:38  Drone  
  67  6:39  Drone  
  65  6:41  Drone x2  
  65  6:43  Drone  
  65  6:45  Drone x2  
  65  6:46  Drone  
  71  6:48  Drone  
  72  6:54  Zergling x2  
  72  6:55  Zergling x4  
  72  6:56  Zergling x2  
  72  6:59  Extractor  
  75  7:03  Spire, Zergling x2  
  75  7:05  Drone x2  
  75  7:07  Overlord  
  77  7:15  Drone  
  78  7:16  Drone  
  78  7:20  Drone  
  78  7:21  Extractor  
  78  7:22  Drone  
  80  7:23  Drone  
  80  7:24  Hatchery  
  80  7:26  Overlord  
  79  7:31  Centrifical Hooks  
  79  7:34  Zergling x4  
  79  7:36  Zergling x2  
  81  7:39  Drone  
  81  7:41  Zergling x6  
  81  7:44  Zergling x2  
  84  7:45  Zergling x4  
  84  7:46  Zergling x4  
  84  7:47  Zergling x6  
  86  7:52  Zerg Ground Armor Level 2  
  86  7:56  Zerg Melee Weapons Level 2  
  86  7:59  Baneling  
  86  8:00  Baneling x4  
  86  8:01  Drone  
  86  8:02  Drone  
  88  8:06  Drone  
  88  8:12  Drone  
  90  8:15  Drone  
  90  8:16  Drone x2  
  90  8:17  Drone  
  90  8:19  Zerg Flyer Weapons Level 1  
  92  8:20  Mutalisk x2  
  97  8:27  Hatchery  
  97  8:30  Overlord  
  96  8:37  Mutalisk  
  96  8:38  Mutalisk  
  97  8:42  Overlord  
  97  8:43  Overlord  
  97  8:49  Mutalisk  
  97  8:50  Mutalisk x3  
  97  8:51  Overlord  
  105  8:59  Overlord, Burrow  
  105  9:01  Mutalisk  
  106  9:07  Drone x7  
  106  9:08  Drone x2  
  115  9:13  Infestation Pit  
  108  9:17  Zergling x2  
  108  9:19  Mutalisk  
  108  9:24  Zergling x4  
  113  9:29  Zergling x4  
  115  9:38  Zergling x6  
  118  9:39  Zergling x2  
  118  9:40  Zergling x2  
  118  9:41  Zergling x2  
  118  9:42  Zergling x6  
  118  9:43  Zergling x2  
  118  9:44  Overseer, Baneling x2  
  121  9:47  Zergling x4  
  121  9:48  Zergling x4  
  121  9:49  Queen  
  121  9:50  Extractor, Zergling x2  
  127  9:54  Baneling x2, Zergling x4  
  127  9:55  Zergling x4  
  127  9:58  Mutalisk x2  
  133  10:01  Zergling x2  
  133  10:02  Zergling x4  
  133  10:03  Zergling x2  
  133  10:06  Baneling x6  
  129  10:11  Zergling x2  
  129  10:12  Zergling x2  
  129  10:13  Zergling x2  
  115  10:16  Zergling x6  
  108  10:21  Mutalisk  
  108  10:24  Mutalisk, Baneling x9  
  112  10:31  Zergling x2  
  112  10:33  Zergling x2  
  111  10:37  Zergling x4  
  111  10:38  Zergling x2  
  111  10:40  Zergling x2  
  111  10:41  Zergling x4  
  116  10:49  Overlord  
  113  10:58  Baneling x8  
  113  11:03  Queen  
  97  11:12  Zergling x16  
  97  11:14  Mutalisk x2  
  106  11:19  Zergling x2  
  106  11:21  Drone x2  
  106  11:25  Zergling x4  
  110  11:26  Baneling x3  
  110  11:27  Zergling x2  
  111  11:34  Zergling x2  
  111  11:35  Zergling x2  
  111  11:37  Mutalisk  
  115  11:45  Zergling x6  
  114  11:47  Mutalisk  
  114  11:50  Baneling x3  
  114  11:51  Baneling x9  
  114  11:53  Zergling x4  
  116  11:57  Mutalisk  
  116  11:58  Zergling x2  
  118  12:06  Hatchery  
  118  12:07  Zergling x4  
  119  12:10  Zergling x2  
Tags
 
Add a new tag
Caveats
  • Supply blocks, unpowered buildings, or Contaminate may cause inaccurate times.
  • Supply counts are checked every 10 seconds.